 Dungeon Crawl Stone Soup version 0.28-a0-1518-gbe868bca14 (webtiles) character file.

Game seed: 4884147654745549133

54 leviel the Skirmisher (level 3, 0/33 HPs)
             Began as a Hill Orc Fighter on Jan 16, 2022.
             Slain by an orc wizard (2 damage)
             ... on level 3 of the Dungeon.
             The game lasted 00:01:23 (1245 turns).

leviel the Skirmisher (Hill Orc Fighter)            Turns: 1245, Time: 00:01:24

Health: 0/33       AC:  7    Str: 18 (20) XL:     3   Next: 91%
Magic:  3/3        EV:  9    Int:  6 (8)  God:
Gold:   72         SH:  0    Dex:  8 (10) Spells: 2/2 levels left

rFire   . . .      SeeInvis .   a - +1 war axe
rCold   . . .      Faith    .   c - +0 buckler
rNeg    . . .      Spirit   .   b - +0 scale mail
rPois   .          Reflect  .   (no helmet)
rElec   .          Harm     .   (no cloak)
rCorr   .          Rampage  .   (no gloves)
Will    .....                   (no boots)
Stlth   ..........              f - amulet of the acrobat
HPRegen 0.11/turn               (no ring)
MPRegen 0.08/turn               (no ring)

@: confused
A: no striking features
a: no special abilities


You were on level 3 of the Dungeon.
You visited 1 branch of the dungeon, and saw 3 of its levels.

You collected 72 gold pieces.

Inventory:

Hand Weapons
 a - a +1 war axe (weapon)
Armour
 b - a +0 scale mail (worn)
 c - a +0 buckler (worn)
Jewellery
 f - an amulet of the acrobat (around neck)
Scrolls
 g - a scroll of blinking {unknown}
 h - 2 scrolls of fog {unknown}
 i - a scroll of holy word {unknown}
 j - a scroll of identify {@r1}
Potions
 d - 2 potions of might
 k - a potion of magic {unknown}


   Skills:
 + Level 4.1 Fighting
 * Level 4.0 Axes
 + Level 3.7 Armour
 + Level 3.7 Shields


You had 2 spell levels left.
You didn't know any spells.
Your spell library contained the following spells:

 Spells                   Type           Power      Damage    Failure   Level
 Ensorcelled Hibernation  Hex/Ice        0%         N/A       97%         2
 Spider Form              Tmut/Pois      0%         N/A       99%         3
 Anguish                  Hex/Necr       0%         N/A       100%        4


Dungeon Overview and Level Annotations

Branches:
Dungeon (3/15)

Altars:
Sif Muna


Message History

You are confused.
You barely miss the adder.
The adder is severely wounded.
You slash the hobgoblin!
You kill the hobgoblin!
You hit the orc wizard.
You feel sick. The adder bites you but does no damage. The adder bites you.
* * * LOW HITPOINT WARNING * * *
The orc wizard hits you but does no damage.
The frilled lizard closely misses you.
You feel sick.
You are no longer poisoned.
The adder completely misses you.
The frilled lizard completely misses you.
You're too confused to move!
The adder bites you but does no damage.
The orc wizard hits you but does no damage.
The frilled lizard bites you.
* * * LOW HITPOINT WARNING * * *
The adder barely misses you. The adder bites you.
* * * LOW HITPOINT WARNING * * *
The orc wizard gestures at you while chanting.
You are more confused.
You bump into the rock wall.
The adder barely misses you.
The orc wizard hits you but does no damage.
The adder misses you. The orc wizard closely misses you.
You're too confused to move!
The adder barely misses you. The orc wizard misses you.
You closely miss the orc wizard.
The orc wizard is severely wounded.
You miss the adder. The adder bites you.
* * * LOW HITPOINT WARNING * * *
The orc wizard barely misses you. The adder bites you but does no damage.
The orc wizard gestures at you while chanting.
The puff of flame misses you.
It was a potion of degeneration.
There was something very wrong with that liquid.
You feel weakened.
You feel dopey.
You feel clumsy.
The orc wizard hits you with a +0 dagger.
You die...

#....# :.
#....##.
#...... #.....#
.###.....####.#
..!....l)....#
.######S...###
#.oS##.....#
..# #@### .....
..# #.# ####
#.# #.#
#.##.###.#
#.##.##..#
#.##.##.##
#.##.#..#
#.#.##...##
#.#.#...##


You could see an orc wizard, 2 adders and a frilled lizard.

Vanquished Creatures
  2 adders (D:2)
  2 dart slugs (D:1)
  3 orcs (D:3)
  5 bats
  An endoplasm (D:1)
  A giant cockroach (D:1)
  3 hobgoblins
  2 quokkas (D:1)
  5 ball pythons (D:1)
  A frilled lizard (D:2)
  3 kobolds (D:1)
  A rat (D:1)
29 creatures vanquished.

Notes
Turn   | Place    | Note
-------+----------+-------------------------------------------
     0 | D:1      | leviel the Hill Orc Fighter began the quest for the Orb.
     0 | D:1      | Reached XP level 1. HP: 19/19 MP: 1/1
    58 | D:1      | Reached XP level 2. HP: 11/27 MP: 2/2
   439 | D:1      | Found a faded altar of an unknown god.
   560 | D:1      | Reached XP level 3. HP: 33/33 MP: 3/3
  1189 | D:3      | Found a shimmering blue altar of Sif Muna.
  1242 | D:3      | HP: 1/33 [adder (2)]
  1245 | D:3      | Slain by an orc wizard

Illustrated notes

Levels and vault maps discovered:
D:1:      eino_arrival_tree_alley, layout_basic,
          dreamdust_ecumenical_altar_hidden_monk_grotto
D:2:      layout_rooms, chequers_serial_rivers_micro_a
D:3:      layout_rooms, nicolae_sif_muna_condensation, minivault_23,
          minmay_pentomino_pile

Skill      XL: |  1  2  3 |
---------------+----------+-----
Axes           | 3 4 |  4.0
Fighting       | 4 |  4.1
Armour         | |  3.7
Shields        | |  3.7

Action                   || total
-------------------------++-------
Melee: War axe           ||    65
  Use: Scroll            ||     2
       Potion            ||     2
Armor: Scale mail        ||    41
Dodge: Dodged            ||    50
Block: Buckler           ||    18

Table legend: (Time is in decaauts)
 A = Elapsed time spent in this place.
 B = Non-inter-level travel time spent in this place.
 C = Inter-level travel time spent in this place.
 D = Time resting spent in this place.
 E = Time spent auto-exploring this place.
 F = Levels seen in this place.
 G = Mean time per level.
                   A        B        C        D        E       F      G
               +--------+--------+--------+--------+--------+-----+--------+
         Total |   1268 |   1231 |     37 |      0 |   1022 |   3 |  422.7 |
       Dungeon |   1268 |   1231 |     37 |      0 |   1022 |   3 |  422.7 |
               +--------+--------+--------+--------+--------+-----+--------+

Top non-repeatable levels by time:
     D:1: 797 daAuts
     D:2: 406 daAuts
     D:3: 64 daAuts
